Map: Dusk Towers

Players

SticklerMac

  • Race: Zerg Zerg
  • League: Platinum

Apparition - Winner!

  • Race: Protoss Protoss
  • League: Gold

VOD

Have the link to the VOD?

Description

Time

  • Played on: Nov. 15, 2015, 9:16 p.m.
  • Length: 15:03
Show
View Real Time Build Order
Export as new Build Order

SticklerMac Zerg 

Build Orders: Hatch First, Lurkers 

Get SALT Encoding   

  12  0:01  Drone  
  13  0:12  Overlord  
  13  0:17  Drone  
  14  0:30  Drone  
  14  0:31  Drone  
  14  0:35  Drone  
  17  0:54  Hatchery  
  17  0:56  Drone  
  17  1:00  Drone  
  18  1:05  Extractor  
  18  1:06  Drone  
  18  1:19  Spawning Pool  
  18  1:22  Drone  
  18  1:28  Drone  
  19  1:39  Drone  
  20  1:49  Overlord  
  20  2:02  Drone  
  21  2:14  Metabolic Boost  
  21  2:15  Zergling x4  
  23  2:16  Queen x2  
  23  2:18  Zergling x2  
  28  2:23  Drone  
  28  2:28  Drone  
  30  2:32  Drone  
  31  2:40  Drone  
  32  2:52  Queen  
  32  2:53  Lair  
  32  2:54  Drone x2  
  36  2:59  Overlord  
  36  3:06  Overlord  
  36  3:07  Extractor  
  36  3:10  Drone  
  36  3:11  Drone  
  36  3:18  Drone  
  37  3:21  Drone  
  38  3:35  Drone  
  38  3:36  Drone  
  38  3:39  Drone  
  41  3:42  Drone  
  41  3:46  Hatchery  
  41  3:51  Queen  
  43  3:57  Hydralisk Den  
  43  3:58  Drone x2  
  44  4:03  Overlord  
  44  4:07  Overlord  
  44  4:10  Overlord  
  44  4:15  Drone, Extractor  
  44  4:19  Extractor  
  44  4:21  Drone x3  
  46  4:43  Hydralisk  
  46  4:44  Hydralisk x4  
  56  4:49  Muscular Augments  
  56  4:52  Drone x2  
  58  4:55  Drone x2  
  58  4:57  Drone  
  61  5:12  Queen  
  61  5:13  Queen x2  
  67  5:19  Drone x3  
  67  5:20  Drone  
  69  5:28  Hydralisk  
  69  5:29  Hydralisk  
  70  5:41  Hydralisk x2  
  73  5:51  Hydralisk  
  72  6:04  Drone x2  
  72  6:07  Overlord x4  
  73  6:34  Hydralisk x2  
  73  6:35  Hydralisk x8  
  73  6:38  Hydralisk  
  95  6:41  Hydralisk  
  97  6:55  Zergling x14  
  97  6:56  Zergling x2  
  105  7:16  Overlord x3  
  105  7:17  Overlord  
  105  7:35  Hydralisk  
  105  7:36  Hydralisk x6  
  119  7:39  Lurker Den  
  119  8:01  Zergling x8  
  119  8:02  Zergling x6  
  126  8:17  Zergling x10  
  126  8:18  Zergling x2  
  121  8:34  Overseer  
  121  8:40  Overseer  
  118  8:46  Overseer  
  108  8:58  Hydralisk x2  
  108  8:59  Hydralisk x9  
  125  9:26  Lurker x6  
  125  9:27  Lurker  
  125  9:31  Drone x2  
  134  9:34  Drone  
  135  9:39  Drone  
  135  9:40  Drone  
  137  10:00  Overlord  
  137  10:01  Overlord  
  137  10:25  Lurker  
  137  10:26  Lurker x4  
  142  10:37  Hydralisk  
  142  10:38  Hydralisk  
  142  10:39  Zergling x12  
  151  11:20  Hydralisk  
  151  11:22  Overlord  
  151  11:23  Overlord x5  
  34  12:03  Hydralisk  
  34  12:04  Hydralisk x7  
  45  12:17  Overseer  
  45  12:27  Overseer  
  45  12:32  Hydralisk  
  45  12:33  Hydralisk x3  
  53  12:39  Lurker x2  
  55  12:49  Queen  
  57  12:51  Drone  
  57  12:53  Drone  
  57  12:57  Lurker  
  60  13:00  Lurker  
  61  13:07  Drone x2  
  63  13:14  Drone  
  63  13:15  Drone  
  65  13:46  Hydralisk x3  
  57  14:01  Zergling x2  
  58  14:04  Lurker x2  
  60  14:35  Drone  
Show
View Real Time Build Order
Export as new Build Order

Apparition Protoss - Winner!

Build Orders: Nexus First 

Get SALT Encoding   

  12  0:01  Probe (Chrono Boost)  
  13  0:12  Probe (Chrono Boost)  
  14  0:21  Pylon  
  14  0:24  Probe (Chrono Boost)  
  15  0:39  Probe (Chrono Boost)  
  16  0:50  Probe (Chrono Boost)  
  17  1:00  Nexus  
  17  1:11  Probe (Chrono Boost)  
  18  1:16  Gateway  
  18  1:19  Assimilator  
  18  1:22  Probe (Chrono Boost)  
  19  1:37  Gateway  
  19  1:40  Pylon  
  19  1:44  Probe (Chrono Boost)  
  20  2:04  Cybernetics Core  
  20  2:06  Probe (Chrono Boost)  
  21  2:13  Zealot  
  24  2:15  Probe (Chrono Boost)  
  24  2:17  Probe (Chrono Boost)  
  25  2:26  Probe (Chrono Boost)  
  26  2:31  Probe (Chrono Boost)  
  26  2:37  Probe (Chrono Boost)  
  28  2:40  Warp Gate (Chrono Boost)  
  28  2:41  Stalker (Chrono Boost)  
  28  2:42  Probe (Chrono Boost)  
  31  2:51  Adept (Chrono Boost)  
  33  2:52  Gateway  
  33  2:57  Gateway  
  33  2:58  Probe x2 (Chrono Boost)  
  35  3:08  Probe  
  35  3:10  Probe  
  37  3:15  Pylon  
  37  3:18  Probe, Adept  
  39  3:22  Probe  
  41  3:30  Assimilator  
  41  3:39  Adept  
  41  3:40  Probe, Adept  
  46  3:41  Probe  
  46  3:44  Pylon  
  46  3:46  Twilight Council  
  47  3:50  Adept  
  47  3:53  Probe  
  47  3:54  Probe, Assimilator  
  51  4:06  Pylon  
  51  4:09  Probe (Chrono Boost)  
  51  4:10  Probe (Chrono Boost)  
  53  4:22  Mothership Core (Chrono Boost)  
  55  4:28  Probe (Chrono Boost)  
  56  4:38  Sentry  
  58  4:39  Probe (Chrono Boost)  
  58  4:42  Nexus  
  58  4:44  Pylon  
  59  4:48  Pylon  
  59  4:51  Probe x2 (Chrono Boost)  
  61  5:00  Pylon  
  61  5:02  Assimilator  
  61  5:04  Stalker x4  
  69  5:12  Blink (Chrono Boost)  
  57  5:57  Stalker x3  
  57  5:58  Stalker  
  57  6:01  Forge  
  61  6:13  Dark Shrine  
  61  6:17  Gateway  
  61  6:19  Gateway  
  61  6:21  Gateway x2  
  61  6:23  Gateway x2  
  61  6:26  Zealot x2  
  61  6:27  Zealot x2  
  61  6:30  Probe x2 (Chrono Boost)  
  61  6:31  Probe (Chrono Boost)  
  72  6:40  Probe x2  
  72  6:41  Photon Cannon  
  72  6:42  Probe, Photon Cannon  
  75  6:50  Probe x2  
  77  6:54  Probe  
  77  7:00  Stalker  
  77  7:01  Stalker x3  
  86  7:05  Protoss Ground Weapons Level 1 (Chrono Boost)  
  86  7:27  Dark Templar x2  
  86  7:28  Dark Templar  
  92  7:31  Zealot x4  
  92  7:32  Zealot x3  
  92  7:36  Pylon  
  106  7:40  Pylon  
  106  7:54  Charge  
  106  8:00  Probe  
  106  8:02  Probe x2  
  106  8:04  Zealot x3  
  106  8:05  Zealot x5  
  125  8:23  Probe x2  
  125  8:41  Assimilator  
  125  8:45  Probe  
  125  8:46  Assimilator  
  124  8:56  Protoss Ground Weapons Level 2 (Chrono Boost)  
  124  9:03  Templar Archives  
  122  9:11  Pylon  
  122  9:13  Nexus  
  122  9:14  Pylon x2  
  122  9:15  Pylon  
  122  9:17  Pylon  
  122  9:19  Pylon  
  122  9:27  Zealot  
  124  9:36  Zealot x7  
  124  9:37  Zealot x2  
  140  9:49  Psionic Storm  
  140  9:58  High Templar  
  140  9:59  Pylon, High Templar x4  
  150  10:05  Zealot  
  150  10:06  Zealot x4  
  160  10:09  Photon Cannon  
  160  10:11  Photon Cannon  
  160  10:13  Photon Cannon  
  160  10:16  Gateway, Photon Cannon  
  160  10:18  Gateway  
  160  10:20  Gateway  
  160  10:21  Gateway  
  160  10:23  Assimilator  
  160  10:30  Robotics Facility  
  160  10:31  Zealot x4  
  160  10:32  Zealot x3, Assimilator  
  174  10:45  Probe x2  
  174  10:46  Probe x2  
  178  10:50  Pylon  
  178  11:00  High Templar x5  
  178  11:02  Zealot x4  
  178  11:03  Protoss Ground Weapons Level 3  
  196  11:05  Archon x2  
  196  11:17  Observer (Chrono Boost)  
  197  11:26  Zealot  
  199  11:38  Observer (Chrono Boost)  
  160  11:48  Archon  
  160  11:50  Zealot  
  160  11:51  Zealot x5  
  160  11:52  Zealot x4  
  94  12:05  Warp Prism (Chrono Boost)  
  96  12:15  Probe  
  96  12:16  Probe x2  
  99  12:25  High Templar x4  
  99  12:26  High Templar x3  
  99  12:27  Zealot x3  
  99  12:28  Zealot x4  
  127  12:50  Zealot x4  
  127  12:51  Zealot x3  
  141  13:17  Zealot x3  
  141  13:18  Zealot x3  
  141  13:19  Zealot x2  
  139  14:17  Zealot  
  139  14:18  Zealot x7  
  139  14:19  Zealot x6  
  167  14:32  Robotics Bay  
  167  14:40  Stalker  
  167  14:41  Stalker x5, Nexus  
  167  14:42  Stalker x3  
Tags
 
Add a new tag
Caveats
  • Supply blocks, unpowered buildings, or Contaminate may cause inaccurate times.
  • Supply counts are checked every 10 seconds.